 Dungeon Crawl Stone Soup version 0.31.0-12-g77e489cdc1 (webtiles) character file.

Game seed: 13451271120412394927

22117 bearlyready the Thaumaturge (level 12, -4/92 HPs)
             Began as a Gnoll Earth Elementalist on Feb 13, 2024.
             Was a High Priest of Fedhas.
             Slain by an eight-headed hydra (14 damage)
             ... on level 2 of the Lair of Beasts on Feb 17, 2024.
             The game lasted 00:41:24 (16049 turns).

bearlyready the Thaumaturge (GnEE)                 Turns: 16049, Time: 00:41:24

Health: -4/92      AC:  3    Str:  8    XL:     12   Next: 97%
Magic:  13/25      EV: 16    Int: 25    God:    Fedhas [*****.]
Gold:   662        SH:  5    Dex: 13    Spells: 17/30 levels left

rFire   . . .        m - +1 whip (elec)
rCold   . . .        (no shield)
rNeg    . . .        a - +1 robe of Vines {NoPotionHeal Regen++++}
rPois   .            i - melded +1 helmet
rElec   .            (cloak currently unavailable)
rCorr   .            (gloves currently unavailable)
SInv    +            (boots currently unavailable)
Will    .....        d - amulet of reflection
Stlth   ++++         n - +6 ring of intelligence
HPRegen 3.55/turn    H - ring of see invisible
MPRegen 0.19/turn

%: reflection
@: beast-form
A: beast (slay +4), fangs 1, strong nose, distributed training
a: Begin Untransformation, Renounce Religion, Wall of Briars, Grow
Ballistomycete, Overgrow, Grow Oklob


You were on level 2 of the Lair of Beasts.
You worshipped Fedhas.
Fedhas was extremely pleased with you.
You were a hulking beast.
You visited 3 branches of the dungeon, and saw 16 of its levels.

You collected 662 gold pieces.

Inventory:

Hand Weapons
 k - a +0 sling
 m - a +1 whip of electrocution (weapon)
 x - a +3 long sword of freezing
 I - a +2 dagger of venom
 N - a +0 heavy demon whip
Missiles
 e - 86 stones
 f - 63 poisoned darts
 h - 3 boomerangs
 s - 3 datura-tipped darts
 L - 3 atropa-tipped darts
 S - a throwing net
Armour
 a - the +1 robe of Vines (worn) {NoPotionHeal Regen++++}
   (You found it on level 10 of the Dungeon)

   NoPotionHeal: Its wearer cannot be healed by potions.
   Regen++++: It increases your rate of health regeneration.
 i - a +1 helmet (melded)
 l - an orb of mayhem
 O - a +2 robe of willpower
 Q - a +3 chain mail of fire resistance
Magical Staves
 C - a staff of death
Jewellery
 d - an amulet of reflection (around neck)
 n - a +6 ring of intelligence (left hand)
 H - a ring of see invisible (right hand)
Talismans
 g - a beast talisman (active)
 T - a serpent talisman
Wands
 u - a wand of paralysis (3)
 F - a wand of flame (29)
 J - a wand of digging (4)
 M - a wand of polymorph (4)
Scrolls
 c - a scroll of blinking
 j - 4 scrolls of immolation
 o - 6 scrolls of vulnerability
 y - 2 scrolls of enchant armour
 A - a scroll of enchant weapon
 B - a scroll of fear
 E - a scroll of teleportation
Potions
 b - 2 potions of magic
 p - 7 potions of curing
 q - a potion of resistance
 t - 2 potions of brilliance
 v - 2 potions of heal wounds {unknown}
 w - 2 potions of attraction {unknown}
 z - 2 potions of lignification {unknown}
 D - 2 potions of might {unknown}
 G - 3 potions of haste
 P - a potion of ambrosia {unknown}


   Skills:
 + Level 8.1 Fighting
 + Level 8.1 Short Blades
 + Level 8.1 Long Blades
 + Level 8.1 Axes
 + Level 8.1 Maces & Flails
 + Level 8.1 Polearms
 + Level 8.1 Staves
 + Level 8.1 Ranged Weapons
 + Level 8.1 Throwing
 + Level 8.1 Armour
 + Level 9.3 Dodging
 + Level 9.2 Stealth
 + Level 8.1 Shields
 + Level 8.1 Unarmed Combat
 + Level 9.6 Spellcasting
 + Level 7.1 Conjurations
 + Level 6.7 Hexes
 + Level 6.7 Summonings
 + Level 6.7 Necromancy
 + Level 6.7 Translocations
 + Level 6.7 Fire Magic
 + Level 6.7 Ice Magic
 + Level 6.7 Air Magic
 + Level 8.7 Earth Magic
 + Level 6.7 Alchemy
 + Level 8.8 Invocations
 + Level 8.1 Evocations
 + Level 7.3 Shapeshifting


You had 17 spell levels left.
You knew the following spells:

 Your Spells              Type           Power      Damage    Failure   Level
a - Sandblast             Erth           100%       2d20      1%          1
b - Passwall              Erth           54%        N/A       1%          3
c - Stone Arrow           Conj/Erth      100%       3d13      1%          3
d - Mercury Vapours       Alch/Air       90%        N/A       1%          2
e - Brom's Barrelling Bo  Conj/Erth      51%        2d7       1%          4

Your spell library contained the following spells:

 Spells                   Type           Power      Damage    Failure   Level
 Lesser Beckoning         Tloc           90%        N/A       1%          2
 Fugue of the Fallen      Necr           45%        N/A       1%          3
 Gell's Gravitas          Tloc           45%        N/A       1%          3
 Mephitic Cloud           Conj/Alch/Air  46%        N/A       1%          3
 Ozocubu's Armour         Ice            45%        N/A       1%          3
 Teleport Other           Tloc           45%        N/A       1%          3
 Petrify                  Alch/Erth      50%        N/A       2%          4
 Manifold Assault         Tloc           45%        N/A       3%          4
 Freezing Cloud           Conj/Ice/Air   23%        6-21      9%          5


Dungeon Overview and Level Annotations

Branches:
Dungeon (13/15)            Temple (0/1) D:7            Lair (2/5) D:11
    Orc (1/2) D:10
  Swamp: Lair:2-3    Shoals: Lair:2-3     Snake: Lair:2-3    Spider: Lair:2-3
 Vaults: D:13-14

Altars:
Ashenzari
Cheibriados
Dithmenos
Fedhas
Kikubaaqudgha
Uskayaw
Vehumet
Zin

Annotations:
D:4 1 transporter, RockinRobin's ghost, novice FoFi
D:6 2 runed translucent doors, Silvore's ghost, novice DsFi
D:9 Vault need flying


Innate Abilities, Weirdness & Mutations

You are a hulking beast.
Your limbs bulge with bestial killing power. (Slay +4)
You have very sharp teeth.
Your uncanny sense of smell can sniff out nearby items.
Your experience applies equally to all skills.


Message History

The eight-headed hydra misses you. The eight-headed hydra bites you.
The eight-headed hydra bites you! The eight-headed hydra bites you.
The eight-headed hydra bites you but does no damage.
The eight-headed hydra bites you!
Aiming: Corrosive Bolt
Press: ? - help, Shift-Dir - straight line, f/p - eight-headed hydra
Aim: an eight-headed hydra (lightly wounded, 91% to hit)
The bolt of acid hits the eight-headed hydra!!
The acid corrodes the eight-headed hydra!
The eight-headed hydra is moderately wounded.
The eight-headed hydra bites you! x3; The eight-headed hydra bites you.
The eight-headed hydra misses you.
The eight-headed hydra completely misses you.
The eight-headed hydra bites you!
* * * LOW HITPOINT WARNING * * *
The eight-headed hydra barely misses you.
Aiming: Corrosive Bolt
Press: ? - help, Shift-Dir - straight line, f/p - eight-headed hydra
Aim: an eight-headed hydra (moderately wounded, covered in acid, 91% to hit)
The bolt of acid hits the eight-headed hydra!!
The eight-headed hydra seems to be corroded for longer.
The eight-headed hydra is heavily wounded.
The now-empty wand crumbles to dust.
You block the eight-headed hydra's attack.
The eight-headed hydra misses you. x2; The eight-headed hydra bites you!
* * * LOW HITPOINT WARNING * * *
The eight-headed hydra barely misses you.
The eight-headed hydra misses you.
The eight-headed hydra barely misses you. x2
Aiming: Paralyse
Press: ? - help, Shift-Dir - straight line, f/p - eight-headed hydra
Aim: an eight-headed hydra (heavily wounded, covered in acid, chance to affect: 32%)
The eight-headed hydra easily resists.
The eight-headed hydra closely misses you.
The eight-headed hydra bites you.
* * * LOW HITPOINT WARNING * * *
The eight-headed hydra barely misses you.
The eight-headed hydra bites you!
You die...
Fedhas appreciates your contribution to the ecosystem.

##.#### #### #P....#
...$ #P....## .....
#..÷...##### .....
##....###P#. ......
#####......##...
......###...^.....#.....
........D.#○*.....'..###
.....+h######...<####
.......## #.#+..#
#.+P#.# #...### ##
###'..### #..)....##
#.......P# ##.......##
#........####
##.......P#..


You could see an eight-headed hydra (corroded).

Vanquished Creatures
  Harold (D:9)
  2 hydras
  A boulder beetle (Lair:1)
  4 two-headed ogres
  Amaemon (D:9)
  A goliath frog (D:13)
  Pikel (D:9)
  2 deep elf pyromancers
  A manticore (D:11)
  An orc sorcerer (D:10)
  3 elephants (Lair:1)
  A cane toad (Lair:2)
  An orange demon (D:9)
  A gargoyle (D:12)
  A kobold demonologist (D:9)
  A rime drake (Lair:2)
  3 komodo dragons (Lair:1)
  Psyche (D:10)
  3 trolls
  A polar bear (Lair:1)
  5 blink frogs (Lair:1)
  A vampire (D:11)
  3 wraiths
  3 shadows
  4 wyverns
  11 yaks
  A redback (Lair:2)
  4 vampire mosquitoes (D:10)
  2 acid dragons
  5 water moccasins
  A black bear (Lair:2)
  An ice beast (D:8)
  An orc warrior (D:11)
  A sky beast (D:6)
  2 ogres
  4 centaurs
  5 kobold brigands
  A lemure (D:9)
  3 phantoms
  Blork the orc (D:6)
  5 bullfrogs
  4 scorpions
  7 wights
  22 killer bees
  A howler monkey (D:6)
  8 orc priests
  A bombardier beetle (D:5)
  A hound (D:5)
  3 iguanas
  12 orc wizards
  Robin (D:2)
  4 gnolls (D:5)
  4 adders
  3 white imps
  3 dart slugs
  2 ribbon worms
  26 orcs
  6 endoplasms
  4 giant cockroaches
  11 goblins
  11 hobgoblins
  3 jackals (D:4)
  6 quokkas
  9 ball pythons
  5 bats
  2 frilled lizards
  33 kobolds
  2 rats (D:2)
289 creatures vanquished.

Vanquished Creatures (collateral kills)
  A yak (D:6)
  18 boulders
19 creatures vanquished.

Vanquished Creatures (others)
  A sleepcap (D:7)
  An iguana (D:7)
  35 boulders
37 creatures vanquished.

Grand Total: 345 creatures vanquished

Notes
Turn   | Place    | Note
-------+----------+-------------------------------------------
     0 | D:1      | bearlyready the Gnoll Earth Elementalist began the quest
                  | for the Orb.
     0 | D:1      | Reached XP level 1. HP: 13/13 MP: 6/6
   187 | D:1      | Reached XP level 2. HP: 19/19 MP: 7/7
   532 | D:1      | Reached skill level 5 in Spellcasting
   532 | D:1      | Reached XP level 3. HP: 25/25 MP: 4/9
   910 | D:2      | Reached skill level 1 in Invocations
   923 | D:2      | Found a blossoming altar of Fedhas.
   924 | D:2      | Noticed Robin
  1030 | D:2      | Reached skill level 1 in Fighting
  1030 | D:2      | Reached skill level 1 in Short Blades
  1030 | D:2      | Reached skill level 1 in Long Blades
  1030 | D:2      | Reached skill level 1 in Axes
  1030 | D:2      | Reached skill level 1 in Maces & Flails
  1030 | D:2      | Reached skill level 1 in Polearms
  1030 | D:2      | Reached skill level 1 in Staves
  1030 | D:2      | Reached skill level 1 in Ranged Weapons
  1030 | D:2      | Reached skill level 1 in Throwing
  1030 | D:2      | Reached skill level 1 in Armour
  1030 | D:2      | Reached skill level 1 in Shields
  1030 | D:2      | Reached skill level 1 in Unarmed Combat
  1030 | D:2      | Reached skill level 1 in Evocations
  1048 | D:2      | Killed Robin
  1049 | D:2      | Reached skill level 1 in Shapeshifting
  1049 | D:2      | Reached XP level 4. HP: 20/32 MP: 2/11
  1343 | D:2      | Became a worshipper of Fedhas Madash
  1380 | D:2      | Found a faded altar of an unknown god.
  1861 | D:3      | Reached skill level 1 in Hexes
  1861 | D:3      | Reached skill level 1 in Summonings
  1861 | D:3      | Reached skill level 1 in Necromancy
  1861 | D:3      | Reached skill level 1 in Translocations
  1861 | D:3      | Reached skill level 1 in Fire Magic
  1861 | D:3      | Reached skill level 1 in Ice Magic
  1861 | D:3      | Reached skill level 1 in Air Magic
  1861 | D:3      | Reached skill level 1 in Alchemy
  2120 | D:3      | Found a radiant altar of Vehumet.
  2604 | D:4      | Found a transporter.
  2604 | D:4      | Noticed RockinRobin's ghost (novice FoFi)
  2626 | D:4      | Reached XP level 5. HP: 6/37 MP: 9/12
  2783 | D:4      | Noticed a centaur
  2785 | D:4      | Noticed a +0 dagger
  2786 | D:4      | Noticed a +0 dagger
  2789 | D:4      | Found a hide-covered altar of Uskayaw.
  2791 | D:4      | Killed a centaur
  3106 | D:4      | Reached * piety under Fedhas
  3108 | D:4      | Reached XP level 6. HP: 36/44 MP: 13/13
  3339 | D:4      | Found a blossoming altar of Fedhas.
  3339 | D:4      | Found an ancient bone altar of Kikubaaqudgha.
  3711 | D:5      | Entered Level 5 of the Dungeon
  3716 | D:5      | Reached skill level 5 in Dodging
  3800 | D:5      | Learned a level 3 spell: Passwall
  3804 | D:5      | Learned a level 3 spell: Stone Arrow
  3807 | D:5      | Learned a level 2 spell: Mercury Vapours
  3897 | D:5      | Found a glowing silver altar of Zin.
  3908 | D:5      | Reached XP level 7. HP: 49/51 MP: 6/15
  4164 | D:5      | Found a broken altar of Ashenzari.
  4181 | D:5      | Reached skill level 5 in Stealth
  4278 | D:5      | Noticed a wyvern
  4282 | D:5      | Killed a wyvern
  4332 | D:5      | Found a shadowy altar of Dithmenos.
  4338 | D:5      | Reached XP level 8. HP: 55/58 MP: 9/16
  5102 | D:6      | Noticed a wyvern
  5167 | D:6      | Reached ** piety under Fedhas
  5169 | D:6      | Noticed Blork the orc
  5191 | D:6      | Killed Blork the orc
  5233 | D:6      | Killed a wyvern
  5432 | D:6      | Reached XP level 9. HP: 60/65 MP: 8/18
  5590 | D:5      | Learned a level 4 spell: Brom's Barrelling Boulder
  5865 | D:6      | Reached skill level 5 in Invocations
  6184 | D:6      | Found a large runed translucent door.
  6185 | D:6      | Found a large runed translucent door.
  6218 | D:6      | Noticed Silvore's ghost (novice DsFi)
  6694 | D:7      | Reached *** piety under Fedhas
  6977 | D:7      | Reached skill level 5 in Fighting
  6977 | D:7      | Reached skill level 5 in Short Blades
  6977 | D:7      | Reached skill level 5 in Long Blades
  6977 | D:7      | Reached skill level 5 in Axes
  6977 | D:7      | Reached skill level 5 in Maces & Flails
  6977 | D:7      | Reached skill level 5 in Polearms
  6977 | D:7      | Reached skill level 5 in Staves
  6977 | D:7      | Reached skill level 5 in Ranged Weapons
  6977 | D:7      | Reached skill level 5 in Throwing
  6977 | D:7      | Reached skill level 5 in Armour
  6977 | D:7      | Reached skill level 5 in Shields
  6977 | D:7      | Reached skill level 5 in Unarmed Combat
  6977 | D:7      | Reached skill level 5 in Evocations
  6977 | D:7      | Reached XP level 10. HP: 57/74 MP: 20/20
  7255 | D:7      | Found a staircase to the Ecumenical Temple.
  7316 | D:7      | Paralysed by a wight for 3 turns
  8309 | D:8      | Reached skill level 5 in Conjurations
  8378 | D:8      | Found a snail-covered altar of Cheibriados.
  8714 | D:8      | Reached **** piety under Fedhas
  8715 | D:8      | Reached skill level 5 in Shapeshifting
  9043 | D:9      | Noticed Pikel
  9120 | D:9      | Noticed a kobold demonologist
  9184 | D:9      | Killed a kobold demonologist
  9308 | D:9      | Noticed an orange demon
  9316 | D:9      | Noticed Amaemon
  9753 | D:9      | Killed Pikel
  9833 | D:9      | Killed Amaemon
  9834 | D:9      | Reached skill level 5 in Hexes
  9834 | D:9      | Reached skill level 5 in Summonings
  9834 | D:9      | Reached skill level 5 in Necromancy
  9834 | D:9      | Reached skill level 5 in Translocations
  9834 | D:9      | Reached skill level 5 in Fire Magic
  9834 | D:9      | Reached skill level 5 in Ice Magic
  9834 | D:9      | Reached skill level 5 in Air Magic
  9834 | D:9      | Reached skill level 5 in Alchemy
  9834 | D:9      | Reached XP level 11. HP: 73/81 MP: 22/22
 10136 | D:9      | Noticed a two-headed ogre
 10161 | D:9      | Killed a two-headed ogre
 10530 | D:9      | Noticed Harold
 10576 | D:9      | Killed Harold
 10946 | D:9      | Noticed a lindwurm
 11408 | D:9      | Noticed a lindwurm
 11454 | D:10     | Entered Level 10 of the Dungeon
 11536 | D:10     | Found a staircase to the Orcish Mines.
 11607 | D:10     | Reached ***** piety under Fedhas
 11899 | D:10     | Noticed Psyche
 11929 | D:10     | Killed Psyche
 12035 | D:10     | Noticed an eight-headed hydra
 12035 | D:10     | Found the +1 robe of Vines {NoPotionHeal Regen++++}
 12080 | D:10     | Killed an eight-headed hydra
 12675 | Orc:1    | Entered Level 1 of the Orcish Mines
 12695 | Orc:1    | Noticed an orc knight
 12707 | Orc:1    | Noticed an orc sorcerer
 12718 | D:10     | Killed an orc sorcerer
 12800 | D:11     | Found a staircase to the Lair.
 12895 | D:11     | Noticed a two-headed ogre
 12923 | D:11     | Killed a two-headed ogre
 13338 | D:11     | Noticed a manticore
 13349 | D:11     | Killed a manticore
 13570 | D:11     | Reached XP level 12. HP: 72/91 MP: 24/24
 13852 | D:12     | Noticed a two-headed ogre
 13881 | D:12     | Noticed a two-headed ogre
 14115 | D:13     | Noticed a two-headed ogre
 14158 | D:13     | Noticed a boulder beetle
 14187 | D:13     | Killed a two-headed ogre
 14200 | D:13     | a boulder beetle changed into a goliath frog
 14509 | D:11     | Killed a two-headed ogre
 14537 | Lair:1   | Entered Level 1 of the Lair of Beasts
 15042 | Lair:1   | Noticed a boulder beetle
 15240 | Lair:1   | Killed a boulder beetle
 15905 | Lair:2   | Noticed a five-headed hydra
 15919 | Lair:2   | Killed a five-headed hydra
 15974 | Lair:2   | Noticed a skyshark
 16012 | Lair:2   | Noticed an eight-headed hydra
 16049 | Lair:2   | Slain by an eight-headed hydra

Illustrated notes

Levels and vault maps discovered:
D:1:      evilmike_arrival_fibonacci_small, layout_loops_ring
D:2:      layout_loops_corners, basic_ecumenical_altar, basic_altar, uniq_robin
D:3:      layout_loops_ring, overflow_temple_1_default
D:4:      layout_basic, grunt_temple_overflow_growth_and_decay,
          dancing_weapons_uskayaw, gammafunk_ghost_mausoleum
D:5:      layout_cave_pods, grunt_dithmenos_shadows, evilmike_ruin_ashenzari,
          mainiacjoe_overflow_paths
D:6:      layout_cave_pools, ebering_ghost_disaster_area, uniq_blork_the_orc
D:7:      layout_basic, lemuel_temple_firewalk_a
D:8:      layout_loops_ring, cheibrodos_worm_habitat
D:9:      layout_long_grid, minmay_lindwurm_lava, uniq_amaemon, uniq_harold,
          uniq_pikel
D:10:     layout_long_grid, orc_0_dummy, hellmonk_guarded_unrand_vines,
          uniq_psyche
D:11:     layout_roguey, lair_entry_dummy, gauntlet_entry_generic
D:12:     layout_cave_pools
D:13:     layout_rooms, serial_curves, eino_curves_04, eino_curves_02,
          uniq_kirke
Lair:1:   layout_loops_ring
Lair:2:   layout_roguey, shoals_dummy_entry,
          nicolae_spider_entry_lesser_pyramids
Orc:1:    layout_diamond_mine, basic_altar, gammafunk_ghost_arena

Skill      XL: |  1  2  3  4  5  6  7  8  9 10 11 12 |
---------------+-------------------------------------+-----
Conjurations   | 2 3 4 5 6 7 |  7.1
Spellcasting   | 5 6 7 8 9 |  9.6
Invocations    | 1 2 3 4 5 6 7 8 |  8.8
Fighting       | 1 2 3 5 6 7 8 |  8.1
Short Blades   | 1 2 3 5 6 7 8 |  8.1
Long Blades    | 1 2 3 5 6 7 8 |  8.1
Axes           | 1 2 3 5 6 7 8 |  8.1
Maces & Flails | 1 2 3 5 6 7 8 |  8.1
Polearms       | 1 2 3 5 6 7 8 |  8.1
Staves         | 1 2 3 5 6 7 8 |  8.1
Ranged Weapons | 1 2 3 5 6 7 8 |  8.1
Throwing       | 1 2 3 5 6 7 8 |  8.1
Armour         | 1 2 3 5 6 7 8 |  8.1
Shields        | 1 2 3 5 6 7 8 |  8.1
Unarmed Combat | 1 2 3 5 6 7 8 |  8.1
Evocations     | 1 2 3 5 6 7 8 |  8.1
Shapeshifting  | 1 2 3 4 5 6 7 |  7.3
Hexes          | 1 2 3 4 5 6 |  6.7
Summonings     | 1 2 3 4 5 6 |  6.7
Necromancy     | 1 2 3 4 5 6 |  6.7
Translocations | 1 2 3 4 5 6 |  6.7
Fire Magic     | 1 2 3 4 5 6 |  6.7
Ice Magic      | 1 2 3 4 5 6 |  6.7
Air Magic      | 1 2 3 4 5 6 |  6.7
Alchemy        | 1 2 3 4 5 6 |  6.7
Dodging        | 5 6 7 8 9 |  9.3
Stealth        | 5 6 7 8 9 |  9.2
Earth Magic    | 6 7 8 |  8.7

Action                     |  1- 3 |  4- 6 |  7- 9 | 10-12 || total
---------------------------+-------+-------+-------+-------++-------
  Melee: Dagger            |    76 |    31 |   162 |   151 ||   420
         Punch             |     1 |     1 |    12 |    30 ||    44
         Bite              |     6 |    11 |    36 |    64 ||   117
         Whip              |       |    59 |    87 |   145 ||   291
         Demon whip        |       |       |       |   185 ||   185
  Throw: Dart              |       |       |     2 |    38 ||    40
         Boomerang         |       |       |       |    36 ||    36
   Cast: Sandblast         |    38 |    21 |    18 |       ||    77
         Mercury Vapours   |       |     4 |    10 |    34 ||    48
         Stone Arrow       |       |       |    40 |    69 ||   109
         Brom's Barrelling |       |       |     3 |    72 ||    75
         Passwall          |       |       |       |     1 ||     1
 Invoke: Wall of Briars    |       |       |     1 |     1 ||     2
  Evoke: Wand              |       |       |       |    27 ||    27
    Use: Scroll            |       |       |     5 |    16 ||    21
         Potion            |       |       |     1 |     1 ||     2
   Stab: Sleeping          |     4 |    10 |     1 |    11 ||    26
         Paralysed         |       |       |       |    19 ||    19
 Armour: Robe              |    46 |    50 |   138 |   339 ||   573
  Dodge: Dodged            |    83 |    57 |   149 |   372 ||   661
  Block: Other             |       |       |       |    34 ||    34
   Form: Beast             |     1 |       |     1 |     1 ||     3
                           |     1 |       |     1 |       ||     2
         Serpent           |       |       |       |     1 ||     1
